 Dungeon Crawl Stone Soup version 0.21-a0-229-g3587535 (webtiles) character file.

664 Moloch the Conjurer (level 7, 0/41 HPs)
             Began as an Octopode Wizard on Sept 1, 2017.
             Was an Initiate of Vehumet.
             Shot with an arrow by a centaur (11 damage)
             ... on level 5 of the Dungeon.
             The game lasted 00:11:23 (4571 turns).

Moloch the Conjurer (Octopode Wizard)               Turns: 4571, Time: 00:11:23

Health: 0/41       AC:  1    Str:  7    XL:     7   Next: 57%
Magic:  1/15       EV: 13    Int: 22    God:    Vehumet [......]
Gold:   300        SH:  0    Dex: 10    Spells: 5/16 levels left

rFire    . . .     SeeInvis .   A - +3 short sword (elec)
rCold    . . .     Gourm    .   (no shield)
rNeg     . . .     Faith    .   a - +0 hat
rPois    +         Spirit   .   (no amulet)
rElec    .         Reflect  .   k - ring of stealth
rCorr    .         Harm     .   j - ring of poison resistance
MR       +....                  y - ring of protection from magic
Stlth    ++++......             (no ring)
HPRegen  0.13/turn              (no ring)
MPRegen  0.14/turn              (no ring)
                                (no ring)
                                (no ring)

@: no status effects
A: almost no armour, stealthy swim, amphibious, 8 rings, constrict 8, camouflage
1, gelatinous body 1
a: Renounce Religion


You were on level 5 of the Dungeon.
You worshipped Vehumet.
Vehumet was noncommittal.
You were not hungry.

You visited 2 branches of the dungeon, and saw 6 of its levels.

You collected 300 gold pieces.

Inventory:

Hand Weapons
 A - a +3 short sword of electrocution (weapon)
Armour
 a - a +0 hat (worn)
 n - the -6 hat of Fumuch {+Inv +Fly rElec Dex+2}
   (You found it on level 5 of the Dungeon)

   It affects your dexterity (+2).
   It insulates you from electricity.
   It lets you turn invisible.
   It lets you fly.
 p - a cursed +0 buckler
Jewellery
 j - a ring of poison resistance (right tentacle)
 k - a ring of stealth (left tentacle)
 y - a ring of protection from magic (on tentacle)
Scrolls
 e - 2 scrolls of magic mapping
 i - a scroll of enchant weapon
 l - a scroll of amnesia
 m - a scroll of teleportation
 w - a scroll of fog {unknown}
Potions
 f - a potion of resistance
 h - 2 potions of curing
 q - a potion of degeneration {unknown}
 s - a potion of brilliance {unknown}
 u - a potion of lignification
 z - a potion of heal wounds
Books
 b - a book of Minor Magic

   Spells                             Type                      Level
   a - Magic Dart                     Conjuration                  1
   b - Blink                          Translocation                2
   c - Call Imp                       Summoning                    2
   d - Slow                           Hexes                        2
   e - Conjure Flame                  Conjuration/Fire             3
   f - Mephitic Cloud                 Conjuration/Poison/Air       3
Comestibles
 c - 3 bread rations
 d - 3 royal jellies
 g - 5 meat rations
 o - 4 fruits


   Skills:
 - Level 2.0 Dodging
 - Level 2.6 Stealth
 + Level 5.4 Spellcasting
 + Level 5.6 Conjurations
 - Level 1.0 Summonings
 - Level 1.0 Translocations
 * Level 2.4 Fire Magic


You had 5 spell levels left.
You knew the following spells:

 Your Spells              Type           Power        Failure   Level  Hunger
a - Magic Dart            Conj           ####         1%          1    None
b - Blink                 Tloc           N/A          10%         2    None
c - Call Imp              Summ           ##......     10%         2    None
d - Mephitic Cloud        Conj/Pois/Air  ##......     14%         3    ##.....
e - Conjure Flame         Conj/Fire      ###.....     5%          3    ##.....


Dungeon Overview and Level Annotations

Branches:
Dungeon (5/15)             Temple (1/1) D:4

Altars:
Ashenzari
Cheibriados
Dithmenos
Elyvilon
Fedhas
Gozag
Hepliaklqana
Makhleb
Okawaru
Ru
Trog
Vehumet
Wu Jian
Xom
Yredelemnul
Zin
The Shining One


Innate Abilities, Weirdness & Mutations

You cannot wear most types of armour.
You are very stealthy in the water. (Stealth+)
You are amphibious.
You can wear up to eight rings at the same time.
You can use your tentacles to constrict eight enemies at once.
Your skin changes colour to match your surroundings (Stealth+).
Your rubbery body absorbs attacks. (AC +1, EV +1)


Message History

Aiming: Mephitic Cloud
Press: ? - help, Shift-Dir - straight line, f - quokka
Aim: a quokka The ball explodes into a vile cloud!
The stinking cloud engulfs the quokka.
You hear a shout!
The quokka is engulfed in noxious fumes.
The quokka appears confused.
Unknown command.
The quokka bites the orc but does no damage.
Found an escape hatch in the ceiling.
The orc closely misses the quokka. 2 gnolls come into view.
A gnoll is wielding a halberd of venom.
The gnoll shouts!
The orc hits you with a hand axe!
* * * LOW HITPOINT WARNING * * *
The gnoll throws a stone.
The stone hits you.
* * * LOW HITPOINT WARNING * * *
The centaur wields a runed shortbow.
It is covered in frost.
The centaur shoots an arrow.
The arrow hits you!
You die...

......#####.###########
.......................
......#########.###
......#########)#####..
.............).........
......#########.######.
####### ######.## #
.......§.# #######
.....)..@# ......#
........o....g.g
......#
.....a####r##c.#
......# ....). ⌠.#
......# ...... ..#
......# .<.... ...#
......# ### ...#
......# '.⌠. #######


You could see a centaur, a worker ant (confused), 2 gnolls, an orc (confused)
and a quokka (confused).

Vanquished Creatures
  Sigmund (D:4)
  An ogre (D:4)
  A hound (D:3)
  3 orc priests
  An orc wizard (D:5)
  A bullfrog skeleton (D:4)
  Terence (D:3)
  2 worker ants (D:4)
  A hound skeleton (D:3)
  Robin (D:2)
  5 gnolls
  An adder (D:3)
  3 oozes
  An adder skeleton (D:5)
  An adder zombie (D:1)
  3 worms
  3 leopard geckos
  9 orcs
  7 bats
  3 giant cockroaches
  14 goblins
  5 hobgoblins
  4 jackals (D:1)
  A quokka (D:3)
  3 frilled lizards
  A giant cockroach zombie (D:1)
  9 kobolds
  3 rats
89 creatures vanquished.

Notes
Turn   | Place    | Note
-------+----------+-------------------------------------------
     0 | D:1      | Moloch the Octopode Wizard began the quest for the Orb.
     0 | D:1      | Reached XP level 1. HP: 11/11 MP: 4/4
   350 | D:1      | Reached XP level 2. HP: 17/17 MP: 4/6
   490 | D:1      | Found a shattered altar of Ashenzari.
   530 | D:1      | Learned a level 2 spell: Blink
   533 | D:1      | Learned a level 2 spell: Call Imp
  1024 | D:2      | Reached XP level 3. HP: 21/21 MP: 4/7
  1057 | D:2      | Learned a level 3 spell: Mephitic Cloud
  1634 | D:3      | Noticed Robin
  1717 | D:2      | Killed Robin
  1934 | D:3      | Reached XP level 4. HP: 27/27 MP: 5/8
  2757 | D:3      | Found a shimmering altar of Xom.
  2786 | D:3      | Noticed Terence
  2798 | D:3      | Killed Terence
  2798 | D:3      | Reached XP level 5. HP: 23/31 MP: 2/10
  3084 | D:3      | Learned a level 3 spell: Conjure Flame
  3092 | D:4      | Noticed an ogre
  3286 | D:4      | Killed an ogre
  3286 | D:4      | Reached skill level 1 in Fire Magic
  3286 | D:4      | Reached XP level 6. HP: 36/36 MP: 1/12
  3750 | D:4      | Found a staircase to the Ecumenical Temple.
  3754 | D:4      | Reached skill level 5 in Conjurations
  3782 | Temple   | Entered the Ecumenical Temple
  4180 | D:4      | Found a radiant altar of Vehumet.
  4182 | D:4      | Found a shattered altar of Ashenzari.
  4214 | D:4      | Noticed Sigmund
  4242 | D:4      | Became a worshipper of Vehumet
  4280 | D:4      | Killed Sigmund
  4280 | D:4      | Reached skill level 5 in Spellcasting
  4280 | D:4      | Reached XP level 7. HP: 40/41 MP: 5/14
  4299 | D:5      | Entered Level 5 of the Dungeon
  4423 | D:5      | Got a spiked hat
  4434 | D:5      | Identified the -6 hat of Fumuch {+Inv +Fly rElec Dex+2} (You found it on level 5 of the Dungeon)
  4571 | D:5      | Shot with an arrow by a centaur

Vault maps used:
D:1:      saegor_arrival_fortress, corexii_hall_statues_u,
          evilmike_ruin_ashenzari
D:2:      kennysheep_generic_room_5
D:3:      nicolae_overflow_hidden_temple, first_bread, minmay_misc_feat_encased,
          bh_walls_and_bars, uniq_terence, uniq_robin
D:4:      gammafunk_temple_overflow_pools, minmay_temple_entry_fiery,
          dk_rats_in_the_wall, uniq_sigmund
D:5:      kiku_gazebo_garden_becter, minitemple, grunt_decor_arrowhead
Temple:   jpeg_temple_clearing

Skill      XL: |  1  2  3  4  5  6 |
---------------+-------------------+-----
Conjurations   | 2 3 4 5 |  5.6
Spellcasting   | 4 5 |  5.4
Fire Magic     | 1 2 |  2.4
Dodging        | |  2.0
Stealth        | |  2.6
Summonings     | |  1.0
Translocations | |  1.0

Action                   |  1- 3 |  4- 6 |  7- 9 || total
-------------------------+-------+-------+-------++-------
Melee: Unarmed           |    11 |       |       ||    11
       Constrict         |     7 |    14 |     2 ||    23
       Tentacles         |     8 |     7 |     2 ||    17
       Dagger            |    13 |    54 |       ||    67
       Short sword       |       |     5 |     3 ||     8
 Cast: Magic Dart        |    66 |   101 |    18 ||   185
       Call Imp          |       |     4 |       ||     4
       Mephitic Cloud    |       |     8 |     3 ||    11
       Conjure Flame     |       |     2 |       ||     2
       Blink             |       |     1 |       ||     1
  Use: Scroll            |       |    10 |       ||    10
 Stab: Distracted        |       |     1 |       ||     1
       Confused          |       |     4 |       ||     4
  Eat: Chunk             |     3 |     6 |     2 ||    11
       Fruit             |       |     1 |       ||     1
Armor: Skin              |     1 |     2 |     2 ||     5
Dodge: Dodged            |    19 |    36 |     4 ||    59

Table legend:
 A = Spawn XP
 B = Non-spawn XP
 C = Spawn XP percentage of total XP
 D = Spawn monster count
 E = Non-spawn monster count
 F = Spawn count percentage of total count
 G = Total turns spent on level
                    A         B        C        D         E        F      G
               +---------+---------+-------+---------+---------+-------+---------
         Total |      22 |     927 |   2.3 |       8 |      81 |   9.0 |  4571
               +---------+---------+-------+---------+---------+-------+---------
           D:1 |       5 |      25 |  16.7 |       3 |      13 |  18.8 |   897
           D:2 |       0 |      37 |   0.0 |       0 |      11 |   0.0 |  1085
           D:3 |       7 |     159 |   4.2 |       2 |      31 |   6.1 |  1272
           D:4 |       8 |     592 |   1.3 |       2 |      19 |   9.5 |   937
           D:5 |       2 |     114 |   1.7 |       1 |       7 |  12.5 |   272
               +---------+---------+-------+---------+---------+-------+---------
